 Dungeon Crawl Stone Soup version 0.31-a0-408-gb642c7f9a3 (webtiles) character file.

Game seed: 13045443496935048871

234 arthad the Ruffian (level 6, -1/45 HPs)
             Began as a Djinni Shapeshifter on July 29, 2023.
             Splashed by a jelly's acid (7 damage)
             ... on level 4 of the Dungeon.
             The game lasted 00:07:20 (3338 turns).

arthad the Ruffian (Djinni Shapeshifter)            Turns: 3338, Time: 00:07:21

Health: -1/45      AC:  0    Str: 16    XL:     6   Next: 26%
Gold:   215        EV: 13    Int: 10    God:
                   SH:  0    Dex: 13

rFire   + +          .
                       - Unarmed
rCold   x . .        (no shield)
rNeg    . . .        u - +2 robe {Will+}
rPois   ∞            (helmet currently unavailable)
rElec   .            (cloak currently unavailable)
rCorr   .            (gloves currently unavailable)
SInv    .            (boots unavailable)
Will    +....        (no amulet)
Stlth   +            (no ring)
HPRegen 0.27/turn    (no ring)
MPRegen 0.00/turn

%: infuse magic (-2 HP)
@: beast-form, corroded, flying
A: beast (slay +2), flying, sickness immunity, fire resistance 2, cold
vulnerability 1, float, innate caster, HP casting, extra vitality 1
a: Begin Untransformation


You were on level 4 of the Dungeon.
You were a hulking beast.
You visited 1 branch of the dungeon, and saw 4 of its levels.

You collected 215 gold pieces.

Inventory:

Hand Weapons
 t - a +8 club
Missiles
 i - 18 poisoned darts
Armour
 a - a +0 animal skin
 u - a +2 robe of willpower (worn)
Talismans
 c - a beast talisman
 n - a blade talisman
Scrolls
 e - a scroll of blinking {unknown}
 f - a scroll of fog {unknown}
 h - a scroll of identify {unknown}
 l - a scroll of enchant weapon {unknown}
 m - a scroll of immolation {unknown}
 q - a scroll of summoning {unknown}
 s - a scroll of teleportation {unknown}
Potions
 b - 2 potions of lignification
 d - 2 potions of mutation {unknown}
 g - a potion of haste {unknown}
 j - a potion of enlightenment
 k - a potion of brilliance {unknown}
 o - a potion of degeneration {unknown}
 p - 2 potions of might {unknown}
 r - a potion of attraction {unknown}


   Skills:
 * Level 2.7 Fighting
 + Level 1.5 Armour
 * Level 3.6 Dodging
 * Level 4.0 Unarmed Combat
 * Level 3.3 Shapeshifting


You knew the following spells:

 Your Spells              Type           Power      Damage    Failure   Level
a - Magic Dart            Conj           0%         1d3       36%         1
b - Call Imp              Summ           0%         N/A       50%         2
Your spell library was empty.

Dungeon Overview and Level Annotations

Branches:
Dungeon (4/15)
 Temple: D:4-7

Altars:


Innate Abilities, Weirdness & Mutations

You are a hulking beast.
Your limbs bulge with bestial killing power. (Slay +2)
You are flying.
You are immune to sickness and miasma.
You are immune to poison.
Your flesh is very heat resistant. (rF++)
You are vulnerable to cold. (rC-)
You float through the air rather than walking.
You learn spells naturally, not from books.
Your magical power is your life essence.
You have superior vitality. (+4 MHP)


Message History

No target in view!
You see here a giant cockroach corpse.
A jelly comes into view.
The jelly quivers.
A jelly is nearby!
You hit the jelly.
Your hands burn!
The jelly is lightly wounded.
The jelly hits you but does no damage.
You hit the jelly.
Your hands burn!
The jelly is lightly wounded.
The jelly closely misses you.
You completely miss the jelly.
The jelly is lightly wounded.
The jelly hits you.
You are splashed with acid!
You hit the jelly.
Your hands burn!
The jelly is moderately wounded.
The jelly hits you. The acid corrodes you!
You are splashed with acid!
You are too injured to fight recklessly!
You are too injured to fight recklessly!
You are too injured to fight recklessly!
You are too injured to fight recklessly!
You are too injured to fight recklessly!
You are too injured to fight recklessly!
You are too injured to fight recklessly!
You are too injured to fight recklessly!
You are too injured to fight recklessly!
You are too injured to fight recklessly!
You are too injured to fight recklessly!
You are too injured to fight recklessly!
You hit the jelly but do no damage.
Your hands burn!
* * * LOW HITPOINT WARNING * * *
The jelly is moderately wounded.
The jelly closely misses you.
You hit the jelly.
Your hands burn!
* * * LOW HITPOINT WARNING * * *
The jelly is heavily wounded.
The jelly hits you.
* * * LOW HITPOINT WARNING * * *
You are splashed with acid!
You die...

##### #...# #...#
#...################ #
.............)†....##.#
....##############....#
..### ###..### ..#
###....# ### #.Jh#.##
#.###.# #. #.# #. #.# #
#.# #.# .#


You could see a jelly.

Vanquished Creatures
  A jelly (D:4)
  Jessica (D:3)
  A sleepcap (D:4)
  5 adders
  4 gnolls (D:2)
  5 dart slugs
  2 orcs (D:3)
  7 endoplasms
  2 giant cockroaches
  8 goblins
  5 hobgoblins
  4 jackals (D:2)
  A quokka (D:1)
  7 ball pythons
  A bat (D:3)
  A frilled lizard (D:3)
  5 kobolds
  5 rats
65 creatures vanquished.

Notes
Turn   | Place    | Note
-------+----------+-------------------------------------------
     0 | D:1      | arthad the Djinni Shapeshifter began the quest for the Orb.
     0 | D:1      | Reached XP level 1. HP: 17/17 MP: 0/0
   183 | D:1      | Reached XP level 2. HP: 22/22 MP: 0/0
   453 | D:1      | Reached XP level 3. HP: 26/27 MP: 0/0
   453 | D:1      | Learned a level 1 spell: Magic Dart
  1120 | D:2      | Reached XP level 4. HP: 31/33 MP: 0/0
  1128 | D:2      | Reached skill level 1 in Armour
  1379 | D:2      | Reached XP level 5. HP: 23/38 MP: 0/0
  1379 | D:2      | Learned a level 2 spell: Call Imp
  2547 | D:3      | Noticed Jessica
  2561 | D:3      | Killed Jessica
  3155 | D:4      | Reached XP level 6. HP: 24/45 MP: 0/0
  3261 | D:4      | Reached skill level 4 in Unarmed Combat
  3338 | D:4      | Splashed by a jelly's acid

Illustrated notes

Levels and vault maps discovered:
D:1:      dpeg_arrival_windows_large_door, layout_basic, serial_corexii_hall,
          corexii_hall_statues_x, corexii_hall_statues_l, minmay_tetromino_o4
D:2:      layout_basic
D:3:      layout_basic, supply_closet_lemuel, uniq_jessica
D:4:      layout_basic, tso_oasis_becter, minmay_temple_entry_hall

Skill      XL: |  1  2  3  4  5  6 |
---------------+-------------------+-----
Shapeshifting  | 3 |  3.3
Fighting       | 2 |  2.7
Armour         | 1 |  1.5
Dodging        | 3 |  3.6
Unarmed Combat | 4 |  4.0

Action                     |  1- 3 |  4- 6 || total
---------------------------+-------+-------++-------
  Melee: Unarmed           |    86 |   134 ||   220
         Punch             |     1 |     1 ||     2
   Cast: Magic Dart        |       |     4 ||     4
    Use: Potion            |     2 |     1 ||     3
   Stab: Sleeping          |     3 |     2 ||     5
 Armour: Animal skin       |     3 |     6 ||     9
         Robe              |       |     2 ||     2
  Dodge: Dodged            |    41 |    75 ||   116

Table legend: (Time is in decaauts)
 A = Elapsed time spent in this place.
 B = Non-inter-level travel time spent in this place.
 C = Inter-level travel time spent in this place.
 D = Time resting spent in this place.
 E = Time spent auto-exploring this place.
 F = Levels seen in this place.
 G = Mean time per level.
                   A        B        C        D        E       F      G
               +--------+--------+--------+--------+--------+-----+--------+
         Total |   3327 |   3195 |    132 |     74 |   2617 |   4 |  831.8 |
       Dungeon |   3327 |   3195 |    132 |     74 |   2617 |   4 |  831.8 |
               +--------+--------+--------+--------+--------+-----+--------+

Top non-repeatable levels by time:
     D:2: 1185 daAuts
     D:3: 1063 daAuts
     D:1: 848 daAuts
     D:4: 231 daAuts
